 Dungeon Crawl Stone Soup version 0.18-a0-844-g9229740 (webtiles) character file.

44 JokEr the Insei (level 3, -2/24 HPs)
             Began as an Octopode Transmuter on Dec 19, 2015.
             Slain by root's ghost (6 damage)
             ... on level 3 of the Dungeon.
             The game lasted 00:03:15 (1189 turns).

JokEr the Insei (Octopode Transmuter)               Turns: 1189, Time: 00:03:16

Health: -2/24      AC:  1    Str:  9    XL:     3   Next: 60%
Magic:  5/6        EV: 12    Int: 16    God:
Gold:   22         SH:  0    Dex: 12    Spells: 1 memorised, 5 levels left

rFire  . . .     SeeInvis .       - Unarmed
rCold  . . .     Gourm    .     (no shield)
rNeg   . . .     Faith    .     (helmet restricted)
rPois  .         Spirit   .     (no amulet)
rElec  .         Dismiss  .     j - ring of wizardry
rCorr  .         Reflect  .     (no ring)
SustAt .         Harm     .     (no ring)
MR     .....                    (no ring)
Stlth  ++........               (no ring)
                                (no ring)
                                (no ring)
                                (no ring)

@: appendage, not resistant to hostile enchantments, unstealthy
A: almost no armour, amphibious, 8 rings, constrict 8, tentacle spike 3,
camouflage 1, gelatinous body 1
a: End Transformation


You were on level 3 of the Dungeon.
You were not hungry.
One of your tentacles had a temporary spike.
You visited 1 branch of the dungeon, and saw 3 of its levels.

You collected 22 gold pieces.

Inventory:

Missiles
 a - 12 arrows
Jewellery
 e - an uncursed amulet of faith
 j - a ring of wizardry (left tentacle)
Scrolls
 g - a scroll of remove curse
 n - 2 scrolls of identify
Potions
 d - 4 potions of curing {unknown}
 k - 2 potions of lignification {unknown}
 l - a potion of brilliance {unknown}
Books
 b - a book of Changes

   Spells                             Type                      Level
   a - Beastly Appendage              Transmutation                1
   b - Sticks to Snakes               Transmutation                2
   c - Spider Form                    Transmutation/Poison         3
   d - Ice Form                       Ice/Transmutation            4
   e - Blade Hands                    Transmutation                5
Comestibles
 c - 3 bread rations
 f - a beef jerky
 i - a meat ration


   Skills:
 + Level 1.7 Fighting
 - Level 2.0 Dodging
 + Level 3.7 Unarmed Combat
 - Level 2.0 Spellcasting
 + Level 2.6 Transmutations


You had 5 spell levels left.
You knew the following spells:

 Your Spells              Type           Power        Failure   Level  Hunger
a - Beastly Appendage     Trmt           ##....       4%          1    #......


Dungeon Overview and Level Annotations

Branches:
Dungeon (2/15)

Altars:

Annotations:
D:3 root's ghost, amateur DsCK


Innate Abilities, Weirdness & Mutations

You cannot wear most types of armour.
You are amphibious.
You can wear up to eight rings at the same time.
You can use your tentacles to constrict eight enemies at once.
Your skin changes colour to match your surroundings (Stealth).
Your rubbery body absorbs attacks (AC +1).
One of your tentacles bears a large vicious spike.


Message History

All of the chunks of flesh in your inventory have rotted away.
Press: ? - help, v - describe, . - travel
Here: root's ghost, wielding a weapon of chaos (lightly damaged)
The floor.
You tentacle-slap the jackal. Your grab misses the jackal.
You pierce the jackal, but do no damage.
Your squeeze misses the jackal.
The jackal is moderately wounded.
The jackal bites you.
* * * LOW HITPOINT WARNING * * *
Root's ghost hits you but does no damage.
The jackal misses you. The jackal bites you.
* * * LOW HITPOINT WARNING * * *
You tentacle-slap the jackal. You grab the jackal.
The jackal is severely wounded.
You constrict the jackal, but do no damage.
The jackal barely misses you.
The jackal bites you but does no damage.
Root's ghost hits you.
You die...

#.............##.#.#.##
#..........##.##.......
#(##....#.###.####.#...
#. #...###.....###.####
#.##..#.#.###.......#
#........# #######.#
#...>?..## ...
####?h###### ###.
#.(..h@W...#
#.##.#####.# # ###


You could see root's ghost and 2 jackals.

Vanquished Creatures
  A gnoll (D:1)
  2 giant geckos (D:1)
  An orc (D:3)
  3 ball pythons (D:1)
  3 bats (D:1)
  A giant cockroach (D:1)
  4 goblins (D:1)
  2 hobgoblins (D:1)
  A jackal (D:3)
  2 kobolds (D:1)
  3 giant newts (D:1)
  8 rats
31 creatures vanquished.

Notes
Turn   | Place    | Note
--------------------------------------------------------------
     0 | D:1      | JokEr the Octopode Transmuter began the quest for the Orb.
     0 | D:1      | Reached XP level 1. HP: 13/13 MP: 3/3
    57 | D:1      | Reached XP level 2. HP: 12/18 MP: 5/5
   545 | D:1      | Reached XP level 3. HP: 19/23 MP: 4/6
  1143 | D:2      | You fall through a shaft!
  1184 | D:3      | Noticed root's ghost (amateur DsCK)
  1189 | D:3      | Slain by root's ghost

Vault maps used:
D:1:      onia_arrival_handbag, serial_curves, eino_curves_03, eino_curves_01,
          minmay_misc_feat_hallway, hangedman_glass_teeth,
          minmay_misc_feat_columns
D:2:      nicolae_overflow_hidden_temple, lemuel_crystal_altar, uniq_jessica,
          uniq_robin

Action                   || total
-------------------------++-------
Melee: Unarmed           ||    66
 Cast: Beastly Appendage ||    20
  Use: Scroll            ||     3
 Stab: Sleeping          ||     5
  Eat: Chunk             ||     1
